 Dungeon Crawl Stone Soup version 0.19.0-2-gae57169 (webtiles) character file.

75 Jerry the Ducker (level 4, -4/33 HPs)
             Began as an Octopode Monk on Nov 5, 2016.
             Killed by divine providence
             ... invoked by an orc priest
              (14 damage)
             ... on level 3 of the Dungeon.
             The game lasted 00:04:32 (1561 turns).

Jerry the Ducker (Octopode Monk)                    Turns: 1561, Time: 00:04:32

Health: -4/33      AC:  1    Str: 10    XL:     4   Next: 31%
Magic:  4/4        EV: 15    Int: 12    God:
Gold:   66         SH:  0    Dex: 15    Spells: 0 memorised, 3 levels left

rFire  . . .     SeeInvis .       - Unarmed
rCold  . . .     Gourm    .     (no shield)
rNeg   . . .     Faith    .     (helmet restricted)
rPois  .         Spirit   .     (no amulet)
rElec  .         Reflect  .     f - ring of wizardry
rCorr  .         Harm     .     g - ring of flight
MR     .....                    (no ring)
Stlth  +++.......               (no ring)
                                (no ring)
                                (no ring)
                                (no ring)
                                (no ring)

@: lethally poisoned (-4 -> -9)
A: almost no armour, stealthy swim, amphibious, 8 rings, constrict 8, camouflage
1, gelatinous body 1
a: Evoke Flight


You were on level 3 of the Dungeon.
You were not hungry.

You visited 1 branch of the dungeon, and saw 3 of its levels.

You collected 66 gold pieces.

Inventory:

Hand Weapons
 u - a +0 hunting sling
Missiles
 t - 14 sling bullets
Jewellery
 f - a ring of wizardry (left tentacle)
 g - a ring of flight (right tentacle)
Scrolls
 b - 2 scrolls of remove curse {unknown}
 c - 2 scrolls of teleportation {unknown}
 d - 3 scrolls of identify {unknown}
 i - a scroll of immolation {unknown}
 n - a scroll of magic mapping {unknown}
 p - a scroll of enchant weapon {unknown}
Potions
 e - a potion of beneficial mutation {unknown}
 h - a potion of brilliance {unknown}
 k - a potion of flight {unknown}
 l - a potion of mutation {unknown}
 o - a potion of resistance {unknown}
 q - a potion of agility {unknown}
Comestibles
 a - 2 bread rations
 j - 4 fruits
 m - a meat ration
 r - a beef jerky
 s - 3 chunks of flesh


   Skills:
 + Level 3.7 Fighting
 + Level 3.9 Dodging
 - Level 2.6 Stealth
 + Level 3.7 Unarmed Combat


You had 3 spell levels left.
You didn't know any spells.

Dungeon Overview and Level Annotations

Branches:
Dungeon (3/15)

Altars:
Trog


Innate Abilities, Weirdness & Mutations

You cannot wear most types of armour.
You are very stealthy in the water. (Stealth+)
You are amphibious.
You can wear up to eight rings at the same time.
You can use your tentacles to constrict eight enemies at once.
Your skin changes colour to match your surroundings (Stealth+).
Your rubbery body absorbs attacks. (AC +1, EV +1)


Message History

A giant cockroach comes into view.
The giant cockroach moves out of view.
The orc wizard gestures wildly while chanting.
The orc wizard blinks!
Something hits you.
You are poisoned.
An ogre comes into view. It is wielding a giant spiked club.
You feel sick.
The ogre shouts!
The orc wizard gestures at you while chanting.
The magic dart hits you!
An orc comes into view. It is wielding a dagger of venom.
You feel sick.
You hear some strange, mumbled words.
A puff of flame appears from out of thin air!
The puff of flame hits you! The orc wizard hits you with a dagger.
You feel sick.
There is a stone staircase leading up here.
The orc priest invokes the aid of Beogh against you.
Beogh smites you!
You die...

o. ######
.(.o###....#
...O(oo.oo.#
#..o@#
##.### #.#
#.# #.# #.#
#.# ..# #.#


You could see an ogre, an orc priest, an orc wizard and 4 orcs.

Vanquished Creatures
  2 adders (D:2)
  2 dart slugs
  A leopard gecko (D:1)
  4 bats
  4 giant cockroaches
  11 goblins
  7 hobgoblins
  2 jackals (D:2)
  3 kobolds
  7 frilled lizards
  5 rats
48 creatures vanquished.

Notes
Turn   | Place    | Note
-------+----------+-------------------------------------------
     0 | D:1      | Jerry the Octopode Monk began the quest for the Orb.
     0 | D:1      | Reached XP level 1. HP: 16/16 MP: 1/1
    87 | D:1      | Reached XP level 2. HP: 21/21 MP: 2/2
   436 | D:1      | Reached XP level 3. HP: 24/26 MP: 3/3
   924 | D:2      | Reached XP level 4. HP: 24/32 MP: 4/4
  1358 | D:2      | Found a bloodstained altar of Trog.
  1557 | D:3      | Noticed an ogre
  1561 | D:3      | Killed from afar by an orc priest

Action                   |  1- 3 |  4- 6 || total
-------------------------+-------+-------++-------
Melee: Unarmed           |    69 |    16 ||    85
       Constrict         |    16 |     8 ||    24
       Tentacles         |    15 |     7 ||    22
       Punch             |     2 |       ||     2
 Fire: Hunting sling     |       |     5 ||     5
 Stab: Sleeping          |    12 |     2 ||    14
  Eat: Chunk             |       |     2 ||     2
Armor: Skin              |     3 |       ||     3
Dodge: Dodged            |    41 |     7 ||    48
